[Event "Titled Tuesday Blitz December 27 Early 2022"]
[White "Yuan, Qingyu"]
[Black "Grigorov, Grigor"]
[WhiteFideId "8609772"]
[BlackFideId "2907313"]
[WhiteElo "2373"]
[BlackElo "2510"]
[Result "1-0"]
[Round "09"]
[TimeControl "180+2"]
[Date "2022.12.27"]
[WhiteClock "0:00:09"]
[BlackClock "0:00:11"]

1. e4 c6 2. d4 d5 3. e5 Bf5 4. h4 h5 5. Bd3 Bxd3 6. Qxd3 Qa5+ 7. Nd2 e6 8. Nf3 Nh6 9. O-O Nf5 10. Nb3 Qa6 11. Qd1 Nd7 12. Bg5 c5 13. dxc5 Bxc5 14. c3 Rc8 15. Nfd4 Bxd4 16. Nxd4 Nxd4 17. cxd4 f6 18. exf6 gxf6 19. Bf4 Kf7 20. Re1 Nf8 21. Qf3 Kg7 22. Re3 Ng6 23. Bg3 Rc6 24. Rae1 Qb6 25. Rb3 Qa6 26. Qe2 Qxe2 27. Rxb7+ Kh6 28. Rxe2 a6 29. Re3 Rf8 30. Rc3 Rfc8 31. Rf7 f5 32. Rb3 Rc1+ 33. Kh2 f4 34. Bxf4+ Nxf4 35. Rxf4 Kg6 36. Rg3+ Kh7 37. Rf7+ Kh6 38. Rf6+ Kh7 39. Rxe6 R8c2 40. Re5 Kh6 41. Rf3 Rxb2 42. Rxd5 Rcc2 43. Kg3 Rxa2 44. Rd6+ Kg7 45. Rd5 Kg6 46. Rg5+ Kh6 47. Rf6+ Kh7 48. Rxh5+ Kg7 49. Rf4 Rc3+ 50. Kg4 Rc6 51. Rg5+ Kh6 52. g3 Rd2 53. d5 Rd6 54. Rff5 a5 55. Rh5+ Kg6 56. Rfg5+ Kf7 57. Rh7+ Kf8 58. Rh8+ Kf7 59. Rh7+ Kf8 60. Ra7 R2xd5 61. Rxa5 Rd4+ 62. f4 Kf7 63. Raf5+ Ke6 64. Re5+ Kd7 65. Rg7+ Kc6 66. Reg5 Rd3 67. R7g6 1-0


[Site "https://www.chess.com"]

[Event "Titled Tuesday Blitz December 27 Early 2022"]
[White "Zaichenko, Daria"]
[Black "Sovetbekova, Nurai"]
[WhiteFideId "4197453"]
[BlackFideId "13801910"]
[WhiteElo "2104"]
[BlackElo "1764"]
[Result "1-0"]
[Round "09"]
[TimeControl "180+2"]
[Date "2022.12.27"]
[WhiteClock "0:01:34"]
[BlackClock "0:00:47"]

1. e4 c5 2. Nf3 d6 3. d4 cxd4 4. Nxd4 Nf6 5. Nc3 a6 6. Bd3 e5 7. Nb3 Be6 8. Be3 Be7 9. O-O O-O 10. Kh1 Nbd7 11. a4 Qc7 12. f4 exf4 13. Bxf4 Ne5 14. Be2 Rad8 15. Nd4 Bc8 16. Bg5 h6 17. Bxf6 Bxf6 18. Nd5 Qc5 19. Nxf6+ gxf6 20. Rxf6 Ng6 21. Qd2 Kg7 22. Raf1 Rde8 23. Nb3 Qe5 24. Bc4 Re7 25. Qxd6 Qxe4 26. Bd3 Qe5 27. Rxg6+ fxg6 28. Qxg6+ Kh8 29. Rxf8# 1-0


[Site "https://www.chess.com"]

[Event "Titled Tuesday Blitz December 27 Early 2022"]
[White "Zherebtsova, Alexandra"]
[Black "Musovic, Armin"]
[WhiteFideId "24129518"]
[BlackFideId "939935"]
[WhiteElo "2155"]
[BlackElo "2261"]
[Result "1-0"]
[Round "09"]
[TimeControl "180+2"]
[Date "2022.12.27"]
[WhiteClock "0:00:12"]
[BlackClock "0:00:10"]

1. d4 d5 2. Nf3 c5 3. c4 Nf6 4. cxd5 cxd4 5. Qxd4 Qxd5 6. Nc3 Qxd4 7. Nxd4 a6 8. e4 e5 9. Nf3 Nc6 10. Bc4 Bb4 11. O-O O-O 12. Nd5 Be6 13. Nxf6+ gxf6 14. Be2 Rfd8 15. Be3 Nd4 16. Bxd4 exd4 17. Bd3 Rac8 18. a3 Ba5 19. Rfc1 b5 20. h3 Bb6 21. Kf1 Kf8 22. Ke2 Ke7 23. Rxc8 Rxc8 24. a4 b4 25. a5 Ba7 26. Ra4 b3 27. Rb4 Kf8 28. Nxd4 Bd7 29. Nxb3 Rc7 30. f3 h5 31. Nd2 Bc5 32. Rb8+ Kg7 33. Bxa6 Be6 34. Rb7 Rc6 35. Bb5 Rd6 36. a6 Bb4 37. Nc4 Bxc4+ 38. Bxc4 Rd2+ 39. Ke3 Rxb2 40. Bd5 Bc5+ 41. Kd3 Rxg2 42. a7 Bxa7 43. Rxf7+ Kg6 44. Rxa7 Rg3 45. Ke2 Rxh3 46. Be6 Rh2+ 47. Ke3 h4 48. Bf5+ Kh6 49. Rh7+ 1-0


[Site "https://www.chess.com"]

[Event "Titled Tuesday Blitz December 27 Early 2022"]
[White "Zierk, Steven"]
[Black "Shipov, Sergei"]
[WhiteFideId "2034255"]
[BlackFideId "4113624"]
[WhiteElo "2488"]
[BlackElo "2541"]
[Result "1-0"]
[Round "09"]
[TimeControl "180+2"]
[Date "2022.12.27"]
[WhiteClock "0:01:00"]
[BlackClock "0:00:53"]

1. e4 e6 2. d4 d5 3. Nc3 Bb4 4. e5 c5 5. a3 Ba5 6. b4 cxd4 7. Nb5 Bc7 8. Nf3 Nc6 9. Nxc7+ Qxc7 10. Bb5 Bd7 11. Bxc6 bxc6 12. Qxd4 c5 13. Qg4 Kf8 14. O-O cxb4 15. axb4 Ne7 16. Be3 Ng6 17. h4 h6 18. h5 Ne7 19. Bc5 Bb5 20. Rfe1 Kg8 21. Nd4 Bc4 22. Nxe6 fxe6 23. Qxe6+ Kh7 24. Bxe7 Rhe8 25. Qf5+ Kh8 26. Bc5 a5 27. e6 a4 28. Re3 d4 29. Bxd4 Qd6 30. Bxg7+ 1-0


[Site "https://www.chess.com"]

[Event "Titled Tuesday Blitz December 27 Early 2022"]
[White "Zubritskiy, Artyom"]
[Black "Kilic, Eray"]
[WhiteFideId "4181247"]
[BlackFideId "44517173"]
[WhiteElo "2442"]
[BlackElo "2414"]
[Result "1-0"]
[Round "09"]
[TimeControl "180+2"]
[Date "2022.12.27"]
[WhiteClock "0:00:12"]
[BlackClock "0:00:02"]

1. c4 e5 2. g3 Nc6 3. Nc3 g6 4. Bg2 Bg7 5. Nf3 Nge7 6. O-O O-O 7. d3 d6 8. Rb1 Nd4 9. Nd2 Rb8 10. b4 Bd7 11. e3 Ne6 12. Bb2 f5 13. f4 c6 14. Qe2 Kh8 15. Kh1 Ng8 16. Nf3 Qe7 17. c5 dxc5 18. bxc5 exf4 19. gxf4 Qxc5 20. Ne5 Qe7 21. Rf3 g5 22. Rh3 Bxe5 23. fxe5 g4 24. Rg3 Nh6 25. Rf1 Rf7 26. Qd2 Rg8 27. d4 f4 28. exf4 Nf5 29. Rd3 Qh4 30. Ne4 Rg6 31. Qf2 g3 32. Nxg3 Nxf4 33. Rf3 Nxg3+ 34. Rxg3 Rxg3 35. Qxg3 Qh6 36. Bc1 1-0


[Site "https://www.chess.com"]

[Event "Titled Tuesday Blitz December 27 Early 2022"]
[White "Adel, Sara"]
[Black "McBryde, Lamel"]
[WhiteFideId "10616764"]
[BlackFideId "2058596"]
[WhiteElo "1739"]
[BlackElo "1861"]
[Result "0-1"]
[Round "10"]
[TimeControl "180+2"]
[Date "2022.12.27"]
[WhiteClock "0:00:04"]
[BlackClock "0:01:06"]

1. e4 Nf6 2. e5 Nd5 3. d4 Nb6 4. c3 d5 5. exd6 cxd6 6. Nf3 g6 7. Bd3 Bg7 8. O-O O-O 9. Be3 Nc6 10. Nbd2 d5 11. Qc2 f6 12. h3 e5 13. dxe5 fxe5 14. Bc5 Rf7 15. Bb5 e4 16. Nd4 Ne5 17. Nxe4 dxe4 18. Qxe4 Qd5 19. Qxd5 Nxd5 20. f4 Nxf4 21. Be8 Rf6 22. Kh2 Bxh3 23. Ba4 Bxg2 24. Bb3+ Kh8 25. Rf2 Ng4+ 26. Kg3 Nxf2 27. Be7 Ne4+ 28. Kh2 Re8 29. Bxf6 Bxf6 30. Re1 Bh4 31. Re3 Bf2 32. Ne6 Bxe3 33. Nxf4 Bxf4+ 34. Kxg2 Nd2 0-1


[Site "https://www.chess.com"]

[Event "Titled Tuesday Blitz December 27 Early 2022"]
[White "Aghasiyev, Kamal"]
[Black "Tarasova, Viktoriya"]
[WhiteFideId "13402854"]
[BlackFideId "4175840"]
[WhiteElo "2441"]
[BlackElo "2226"]
[Result "1-0"]
[Round "10"]
[TimeControl "180+2"]
[Date "2022.12.27"]
[WhiteClock "0:00:38"]
[BlackClock "0:00:08"]

1. e4 e5 2. Nf3 Nc6 3. Bb5 Nf6 4. d3 Bc5 5. O-O Nd4 6. Nxd4 Bxd4 7. c3 Bb6 8. Bg5 c6 9. Ba4 h6 10. Be3 O-O 11. Nd2 d5 12. Bb3 a5 13. Bxb6 Qxb6 14. a4 Qc7 15. h3 Re8 16. Qf3 Be6 17. Bc2 Rad8 18. Rfd1 dxe4 19. dxe4 Rd7 20. Nf1 Red8 21. Rxd7 Rxd7 22. Rd1 Rxd1 23. Qxd1 Qd7 24. Qxd7 Nxd7 25. b4 axb4 26. cxb4 Kf8 27. Ne3 g6 28. h4 h5 29. Kf1 Ke7 30. Ke2 Kd6 31. Kd3 Ke7 32. Kc3 Kd6 33. g3 Ke7 34. f4 f6 35. Bb3 Bxb3 36. Kxb3 exf4 37. gxf4 Nf8 38. Kc4 Kd6 39. Kd3 Ne6 40. Nc4+ Ke7 41. f5 gxf5 42. exf5 Nf4+ 43. Ke4 Nd5 44. Na5 Nxb4 45. Nxb7 Na6 46. Kd4 Nb4 47. a5 Kd7 48. Nc5+ Kd6 49. Ne4+ Ke7 50. Kc5 Na6+ 51. Kxc6 Nb4+ 52. Kb5 Nd5 53. Kc5 Nc7 54. Ng3 Kd7 55. Nxh5 Ke7 56. Kb6 Nd5+ 57. Kb7 Nb4 58. a6 Nxa6 59. Kxa6 Kd6 60. Nxf6 Ke5 61. h5 Kxf5 62. Ng4 Kg5 63. h6 Kg6 64. Kb6 Kh7 65. Kc6 Kg6 66. Kd6 Kh7 67. Ke6 Kg6 68. Ke5 Kh7 69. Kf6 Kh8 70. Kg6 Kg8 71. Ne5 Kh8 72. Nf7+ Kg8 73. h7+ 1-0


[Site "https://www.chess.com"]

[Event "Titled Tuesday Blitz December 27 Early 2022"]
[White "Akylbekov, Nasyr"]
[Black "Ambartsumova, Karina"]
[WhiteFideId "13800353"]
[BlackFideId "4166299"]
[WhiteElo "2239"]
[BlackElo "2393"]
[Result "0-1"]
[Round "10"]
[TimeControl "180+2"]
[Date "2022.12.27"]
[WhiteClock "0:00:18"]
[BlackClock "0:00:11"]

1. e4 e5 2. Nf3 Nc6 3. Nc3 Nf6 4. d4 exd4 5. Nxd4 Bb4 6. Nxc6 bxc6 7. Bd3 O-O 8. O-O d5 9. exd5 cxd5 10. Bg5 c6 11. Qf3 Rb8 12. h3 Bd6 13. b3 Be5 14. Bd2 Qd6 15. Rae1 Bd7 16. Rxe5 Qxe5 17. Bf4 Qe7 18. Bxb8 Rxb8 19. Ne2 Qa3 20. Qf4 Re8 21. Ng3 Qxa2 22. Qd4 Qa5 23. Ra1 Re1+ 24. Rxe1 Qxe1+ 25. Kh2 Qa5 26. Bf5 Qb6 27. Qf4 g6 28. Bxd7 Nxd7 29. Qd6 Nf8 30. f4 Qb7 31. f5 Qd7 32. Qe5 Qd8 33. f6 Ne6 34. Qc3 Qd6 35. Kh1 h5 36. Ne2 c5 37. Qa5 Qb6 38. Qa4 Qc7 39. Qe8+ Nf8 40. Nc3 Qd6 41. Qe7 Qe6 42. Na4 Nd7 43. Nc3 g5 44. Nb5 Nxf6 45. Qd8+ Kg7 46. Nc7 Qe1+ 47. Kh2 Qe5+ 48. Kh1 Ne4 49. Qxd5 Ng3+ 50. Kg1 Qxc7 51. Qxg5+ Kf8 52. Qe3 Nf5 53. Qg5 Qe5 54. Qd8+ Kg7 55. Qg5+ Kh7 56. Qxh5+ Kg7 57. Qg5+ Kf8 58. Qd8+ Qe8 59. Qg5 Qe3+ 60. Qxe3 Nxe3 61. c4 Nc2 62. Kf2 Nd4 63. b4 cxb4 64. Ke3 b3 65. Kd2 a5 66. Kd3 a4 67. Kxd4 b2 68. c5 b1=Q 69. Kd5 Qb8 70. Kc6 Qc8+ 71. Kd6 a3 72. c6 a2 73. c7 a1=Q 0-1


[Site "https://www.chess.com"]

[Event "Titled Tuesday Blitz December 27 Early 2022"]
[White "Albertini, Luca"]
[Black "Poeta, Caio Medeiros"]
[WhiteFideId "847038"]
[BlackFideId "2142660"]
[WhiteElo "2084"]
[BlackElo "2088"]
[Result "1/2-1/2"]
[Round "10"]
[TimeControl "180+2"]
[Date "2022.12.27"]
[WhiteClock "0:00:10"]
[BlackClock "0:00:08"]

1. e4 c6 2. d4 d5 3. e5 c5 4. dxc5 Nc6 5. Bb5 e6 6. Be3 Ne7 7. f4 Nf5 8. Bf2 Bd7 9. Nf3 Nxe5 10. fxe5 Bxb5 11. a4 Ba6 12. b4 Bc4 13. Nbd2 b5 14. Nxc4 bxc4 15. O-O Qc7 16. c3 Be7 17. Bd4 O-O 18. g4 Nh4 19. Nxh4 Bxh4 20. b5 Be7 21. c6 a6 22. Qf3 Rab8 23. Rfb1 f6 24. Qg3 f5 25. g5 f4 26. Qg4 Rf5 27. h4 Rbf8 28. b6 Qxc6 29. b7 Qc7 30. Rb6 Bc5 31. b8=Q Bxd4+ 32. cxd4 Rxb8 33. Rxe6 Rff8 34. Rd6 c3 35. Qe6+ Kh8 36. Rc1 Qa7 37. Qxd5 Rbc8 38. Kf1 Qb8 39. Qa2 f3 40. Qc2 Qb4 41. h5 Qc4+ 42. Kf2 Qf7 43. h6 Qh5 44. Rg1 Qh2+ 45. Ke3 Qxc2 46. g6 Qd2+ 47. Ke4 hxg6 48. hxg7+ Kg8 49. Rgxg6 Rcd8 50. gxf8=Q+ Kxf8 51. Rdf6+ Ke7 52. Re6+ Kd7 53. Rd6+ Kc7 54. Rg7+ Kc8 55. Rc6+ Kb8 56. Rb6+ Ka8 57. Rxa6+ Kb8 58. Rb6+ Ka8 59. Ra6+ Kb8 60. Rb6+ Ka8 61. Ra6+ 1/2-1/2


[Site "https://www.chess.com"]

[Event "Titled Tuesday Blitz December 27 Early 2022"]
[White "Andreev, Konstantin"]
[Black "Vasques, Antonio Pedro Freixial"]
[WhiteFideId "24239305"]
[BlackFideId "1908332"]
[WhiteElo "2195"]
[BlackElo "2214"]
[Result "0-1"]
[Round "10"]
[TimeControl "180+2"]
[Date "2022.12.27"]
[WhiteClock "0:00:13"]
[BlackClock "0:00:35"]

1. e4 c5 2. Nf3 Nc6 3. Nc3 Nf6 4. d4 cxd4 5. Nxd4 e6 6. Ndb5 Bb4 7. a3 Bxc3+ 8. Nxc3 d5 9. Bd3 dxe4 10. Nxe4 Nxe4 11. Bxe4 Qxd1+ 12. Kxd1 Bd7 13. Be3 f6 14. Kc1 Kf7 15. a4 Rac8 16. Ra3 b6 17. Kb1 Nb4 18. Rd1 Rhd8 19. c3 Bc6 20. Bf3 Bxf3 21. Rxd8 Be4+ 22. Kc1 Rxd8 23. cxb4 Bxg2 24. a5 Rc8+ 25. Kd2 Be4 26. axb6 Rc2+ 27. Kd1 axb6 28. b3 b5 29. Ra5 Bd3 30. Rxb5 Bxb5 31. Kxc2 e5 32. Bc5 Ke6 33. Kd2 g5 34. Ke3 f5 35. Bf8 g4 36. f3 h5 37. Bg7 Kd5 38. Bf6 f4+ 39. Kf2 Kd4 40. Bg7 Bc6 41. fxg4 hxg4 42. Bf6 Ke4 43. Bg7 Kf5 44. Bf8 e4 45. Bd6 e3+ 46. Ke1 Ke4 47. Bc7 Bb5 48. Bd6 f3 49. Bg3 Kd3 50. Bh4 Kc3 51. Bg3 Kxb4 52. Bh4 Kxb3 53. Bg3 Kc2 54. Bh4 Kd3 55. Bg3 Ke4 56. Bh4 Kf5 57. Bg3 Kg5 0-1


[Site "https://www.chess.com"]

[Event "Titled Tuesday Blitz December 27 Early 2022"]
[White "Araujo, Everson De Moura"]
[Black "Novikova, Galina"]
[WhiteFideId "22737197"]
[BlackFideId "4157095"]
[WhiteElo "1944"]
[BlackElo "2073"]
[Result "0-1"]
[Round "10"]
[TimeControl "180+2"]
[Date "2022.12.27"]
[WhiteClock "0:02:05"]
[BlackClock "0:02:04"]

1. d4 d5 2. Nf3 Nc6 3. e3 Bg4 4. h3 Bf5 5. g4 Bg6 6. Nh4 e5 7. Bg2 Qxh4 8. Bxd5 Nge7 9. dxe5 O-O-O 10. c4 Nxd5 11. cxd5 Be4 12. Rh2 0-1


[Site "https://www.chess.com"]

[Event "Titled Tuesday Blitz December 27 Early 2022"]
[White "Aravindh, Chithambaram VR."]
[Black "Balakrishnan, Praveen"]
[WhiteFideId "5072786"]
[BlackFideId "2064871"]
[WhiteElo "2633"]
[BlackElo "2529"]
[Result "0-1"]
[Round "10"]
[TimeControl "180+2"]
[Date "2022.12.27"]
[WhiteClock "0:00:18"]
[BlackClock "0:00:16"]

1. b3 e5 2. Bb2 Nc6 3. c4 Nf6 4. Nf3 e4 5. Nd4 Bc5 6. Nf5 O-O 7. e3 d5 8. cxd5 Qxd5 9. g4 Bxf5 10. Nc3 Qd7 11. gxf5 Ne5 12. Be2 Qxf5 13. Rg1 Rad8 14. Qc2 Nd3+ 15. Bxd3 exd3 16. Qd1 Rfe8 17. Rc1 Re6 18. Na4 Ne4 19. Rxg7+ Kf8 20. f3 Bxe3 21. Rxc7 Bxd2+ 22. Kf1 Ng5 23. Qxd2 Qxf3+ 24. Qf2 Qh1+ 25. Qg1 Re1+ 26. Kxe1 Qxg1+ 27. Kd2 Ne4# 0-1


[Site "https://www.chess.com"]

[Event "Titled Tuesday Blitz December 27 Early 2022"]
[White "Bachmann, Axel"]
[Black "Hasangatin, Ramil"]
[WhiteFideId "3700488"]
[BlackFideId "4122160"]
[WhiteElo "2604"]
[BlackElo "2457"]
[Result "1-0"]
[Round "10"]
[TimeControl "180+2"]
[Date "2022.12.27"]
[WhiteClock "0:00:09"]
[BlackClock "0:00:04"]

1. e4 d5 2. exd5 Qxd5 3. Nc3 Qd6 4. d4 Nf6 5. Bc4 c6 6. Nf3 Bg4 7. Be3 Nbd7 8. h3 Bh5 9. Bb3 e6 10. Qe2 Be7 11. O-O-O O-O-O 12. g4 Bg6 13. Nh4 Nd5 14. Nxg6 hxg6 15. Ne4 Qc7 16. Bd2 b5 17. Qf3 N7f6 18. Ng5 Rhf8 19. c4 bxc4 20. Bxc4 Kb7 21. Kb1 Nb6 22. Bf4 Bd6 23. Bxd6 Rxd6 24. Bb3 Rfd8 25. Rc1 Rxd4 26. Nxf7 Qxf7 27. g5 Nbd5 28. gxf6 gxf6 29. Rc5 Qe7 30. Rhc1 Rc8 31. a3 g5 32. Bxd5 Rxd5 33. Qb3+ Ka8 34. Rxc6 Rxc6 35. Rxc6 Qb7 36. Qc4 Rd1+ 37. Ka2 Rd8 38. Qxe6 Rb8 39. Rc2 Qb6 40. Qd5+ Qb7 41. Qe6 Qb6 42. Qe4+ Qb7 43. Qf5 Qb3+ 44. Kb1 Qb6 45. Qf3+ Qb7 46. Qxf6 Qh1+ 47. Rc1 Qe4+ 48. Ka1 Qd5 49. Qc6+ Qxc6 50. Rxc6 Rf8 51. Rg6 Rxf2 52. Rxg5 Rh2 53. Rh5 Kb7 54. Rh6 a5 55. a4 Rg2 56. Ka2 Rg3 57. h4 Rh3 58. Rh5 Kb6 59. Rb5+ Ka6 60. h5 Rh2 61. Kb3 Rh3+ 62. Kc2 Rh4 63. b3 Rh3 64. Kd2 Rf3 65. Ke2 Rh3 66. Kf2 Rc3 67. Kg2 Re3 68. h6 Re2+ 69. Kg3 Re3+ 70. Kg4 Re4+ 71. Kg5 Re1 72. h7 Rg1+ 73. Kh6 1-0


[Site "https://www.chess.com"]

[Event "Titled Tuesday Blitz December 27 Early 2022"]
[White "Barbashin, Igor"]
[Black "Andreev, Eduard"]
[WhiteFideId "4155718"]
[BlackFideId "14103400"]
[WhiteElo "2169"]
[BlackElo "2413"]
[Result "0-1"]
[Round "10"]
[TimeControl "180+2"]
[Date "2022.12.27"]
[WhiteClock "0:00:15"]
[BlackClock "0:01:57"]

1. d4 Nf6 2. c4 g6 3. Nc3 d5 4. Nf3 Bg7 5. e3 c5 6. Be2 cxd4 7. Nxd4 O-O 8. cxd5 Nxd5 9. Nxd5 Qxd5 10. Bf3 Qa5+ 11. Bd2 Qb6 12. Bc3 Rd8 13. Qb3 Na6 14. O-O Nc5 15. Qxb6 axb6 16. Rfd1 Bd7 17. Rd2 Bxd4 18. Rxd4 Nb3 19. Bxb7 Ra7 20. Bd5 Nxa1 0-1


[Site "https://www.chess.com"]

[Event "Titled Tuesday Blitz December 27 Early 2022"]
[White "Bas Mas, Jose Joaquin"]
[Black "Postnikov, Artem"]
[WhiteFideId "22219064"]
[BlackFideId "34153575"]
[WhiteElo "2197"]
[BlackElo "2197"]
[Result "0-1"]
[Round "10"]
[TimeControl "180+2"]
[Date "2022.12.27"]
[WhiteClock "0:00:02"]
[BlackClock "0:00:06"]

1. e4 c6 2. Nc3 d5 3. Nf3 Bg4 4. d4 dxe4 5. Nxe4 Nf6 6. Bd3 Nxe4 7. Bxe4 Nd7 8. c3 Nf6 9. Bd3 e6 10. O-O Be7 11. h3 Bh5 12. a4 O-O 13. a5 c5 14. dxc5 Bxc5 15. b4 Be7 16. g4 Bg6 17. Bxg6 hxg6 18. Bg5 Qc7 19. Qb3 Rac8 20. Rac1 Nd5 21. c4 Bxg5 22. Nxg5 Nf4 23. Qf3 Qe5 24. Ne4 f5 25. Nc5 Ne2+ 26. Kg2 Nxc1 27. Rxc1 Rfd8 28. Qxb7 fxg4 29. hxg4 Qf4 30. Rc3 Rf8 31. Qf3 Qd4 32. Qg3 Rxf2+ 33. Qxf2 Qxc3 34. Qe2 e5 35. Nd7 Qxc4 0-1


[Site "https://www.chess.com"]

[Event "Titled Tuesday Blitz December 27 Early 2022"]
[White "Baskakov, Egor"]
[Black "Bilych, Olexiy"]
[WhiteFideId "24197866"]
[BlackFideId "14156504"]
[WhiteElo "2215"]
[BlackElo "2441"]
[Result "1-0"]
[Round "10"]
[TimeControl "180+2"]
[Date "2022.12.27"]
[WhiteClock "0:01:49"]
[BlackClock "0:00:53"]

1. e4 c5 2. Nf3 Nc6 3. Nc3 g6 4. d4 cxd4 5. Nxd4 Bg7 6. Nde2 d6 7. g3 Nf6 8. Bg2 O-O 9. h3 Rb8 10. a4 a6 11. O-O b5 12. axb5 axb5 13. Be3 b4 14. Nd5 Bb7 15. b3 e6 16. Nxf6+ Bxf6 17. Nd4 Qd7 18. Nxc6 Qxc6 19. Ra4 Ba6 20. e5 d5 21. Rxa6 Qxa6 22. exf6 e5 23. Bg5 Rfd8 24. Qg4 h6 25. Bxh6 Qxf6 26. Bg5 Qe6 27. Bxd8 Rxd8 28. Qxb4 Rc8 29. c3 Qc6 30. c4 e4 31. cxd5 Qxd5 32. Bxe4 1-0


[Site "https://www.chess.com"]

[Event "Titled Tuesday Blitz December 27 Early 2022"]
[White "Bazarov, Konstantin"]
[Black "Vovk, Orest"]
[WhiteFideId "4137000"]
[BlackFideId "14113490"]
[WhiteElo "2235"]
[BlackElo "2315"]
[Result "1-0"]
[Round "10"]
[TimeControl "180+2"]
[Date "2022.12.27"]
[WhiteClock "0:01:04"]
[BlackClock "0:01:42"]

1. c4 g5 2. d4 h6 3. h4 g4 4. e4 Bg7 5. Be3 c5 6. Nc3 cxd4 7. Bxd4 Bxd4 8. Qxd4 Nf6 9. e5 Nc6 10. Qf4 Qc7 11. O-O-O Qxe5 12. Qd2 d6 13. Nb5 Kf8 14. Ne2 Bf5 15. Ng3 Bh7 16. Qxh6+ Kg8 17. Qg5+ Qxg5+ 18. hxg5 Nd7 19. Be2 Nde5 20. Rh4 Bg6 21. Rdh1 Rxh4 22. Rxh4 Rc8 23. Bxg4 Nxg4 24. Rxg4 a6 25. Na3 Ne5 26. Rd4 b5 27. f4 Nc6 28. Rd1 b4 29. Nc2 Bxc2 30. Kxc2 Na5 31. b3 Nb7 32. Nf5 Rc7 33. Re1 Kf8 34. Rh1 Ke8 35. Rh8+ Kd7 36. Rh7 Nc5 37. Rxf7 Ke6 38. Rf8 a5 39. g6 a4 40. g7 axb3+ 41. axb3 Ra7 42. g8=Q+ 1-0


[Site "https://www.chess.com"]

[Event "Titled Tuesday Blitz December 27 Early 2022"]
[White "Berezin, Viktor"]
[Black "Dimitrov, Atanas"]
[WhiteFideId "14107872"]
[BlackFideId "2901315"]
[WhiteElo "2307"]
[BlackElo "2269"]
[Result "1-0"]
[Round "10"]
[TimeControl "180+2"]
[Date "2022.12.27"]
[WhiteClock "0:00:15"]
[BlackClock "0:00:18"]

1. d4 Nf6 2. Nf3 g6 3. g3 Bg7 4. Bg2 O-O 5. O-O d5 6. c4 c6 7. cxd5 cxd5 8. Nc3 Nc6 9. Ne5 Be6 10. Nxc6 bxc6 11. b3 Rc8 12. Na4 Nd7 13. Ba3 f6 14. Rc1 Re8 15. Qd3 Bf7 16. Qa6 Qc7 17. e4 e6 18. Rfe1 Nb8 19. Qd3 Qd8 20. h4 dxe4 21. Qxe4 f5 22. Qe2 Bxd4 23. Red1 e5 24. h5 Qf6 25. h6 Nd7 26. Nc5 Nxc5 27. Bxc5 Bxc5 28. Rxc5 e4 29. Qa6 Rc7 30. Bf1 Rec8 31. Bc4 f4 32. Bxf7+ Qxf7 33. Qc4 fxg3 34. fxg3 e3 35. Re5 Qxc4 36. bxc4 Rf8 37. Rf1 Rxf1+ 38. Kxf1 Kf7 39. Rxe3 Kf6 40. Kg2 Kg5 41. Re5+ Kxh6 42. Kf3 Kg7 43. Ke4 Kf6 44. Ra5 Ke6 45. Kf4 h6 46. Ke4 Kd6 47. g4 Re7+ 48. Kd4 Rf7 49. c5+ Ke6 50. Ke4 g5 51. Ra6 Rf4+ 52. Ke3 Kd5 53. Rxa7 Kxc5 54. Rh7 Rxg4 55. Rxh6 Rg2 56. Rg6 Kb6 57. Kf3 Rg1 58. Kf2 Rg4 59. Kf3 Rf4+ 60. Ke3 Rf5 61. Ke4 Ra5 62. a3 Ra4+ 63. Kf5 Rxa3 64. Kg4 Ra5 65. Kf3 Rd5 66. Ke4 Kc5 67. Rf6 Kb5 68. Rf1 Rd2 69. Rb1+ Kc5 70. Rc1+ Kd6 71. Rg1 Rd5 72. Rc1 Re5+ 73. Kd4 Rd5+ 74. Ke4 c5 75. Rg1 Re5+ 76. Kd3 Kd5 77. Ra1 c4+ 78. Kd2 Kd4 79. Ra8 c3+ 80. Kd1 Rd5 81. Kc2 g4 82. Rg8 Ke3 83. Rxg4 Rc5 84. Rg3+ Kd4 85. Rg4+ Ke3 86. Rg3+ Ke2 87. Rxc3 Ra5 88. Rc4 Ke3 89. Rc3+ Kd4 90. Rd3+ Ke4 91. Rb3 Ra2+ 92. Rb2 Ra8 93. Rb3 Rc8+ 94. Rc3 Rh8 95. Rd3 Rh2+ 96. Rd2 Rh1 97. Rd1 Rh6 98. Rd3 Ra6 99. Rb3 Kd4 100. Rb4+ Kc5 101. Rh4 Ra2+ 102. Kb1 Rg2 103. Rh5+ Kc4 104. Rh4+ Kd3 105. Rh3+ Ke4 106. Rh4+ Kf5 107. Rh5+ Kg6 108. Rb5 Kf6 109. Rb6+ Ke5 110. Rb2 Kd4 111. Rxg2 Ke3 112. Rc2 Kf3 113. Kb2 Ke3 114. Kc3 Ke4 115. Rd2 Ke5 116. Rd3 Ke4 117. Kc4 Ke5 118. Rd4 Ke6 119. Rd5 Kf6 120. Kd4 Ke6 121. Ke4 Kf6 122. Rd6+ Ke7 123. Ke5 Kf7 124. Ra6 Ke7 125. Ra7+ Kd8 126. Kd6 Kc8 127. Rd7 Kb8 128. Rc7 Ka8 129. Kc6 Kb8 130. Kb6 1-0


[Site "https://www.chess.com"]

[Event "Titled Tuesday Blitz December 27 Early 2022"]
[White "Bettalli, Francesco"]
[Black "Starozhilov, Leonid"]
[WhiteFideId "2816453"]
[BlackFideId "14106752"]
[WhiteElo "2252"]
[BlackElo "2313"]
[Result "0-1"]
[Round "10"]
[TimeControl "180+2"]
[Date "2022.12.27"]
[WhiteClock "0:00:39"]
[BlackClock "0:00:15"]

1. d4 Nf6 2. Nc3 d5 3. Bg5 Nbd7 4. Qd3 e6 5. e4 dxe4 6. Nxe4 Be7 7. Nxf6+ Nxf6 8. O-O-O b6 9. Be2 Bb7 10. Bf3 Bxf3 11. Nxf3 O-O 12. Rhe1 Rc8 13. Kb1 c5 14. dxc5 Qxd3 15. Rxd3 Rxc5 16. Be3 Rd5 17. Rxd5 Nxd5 18. Bd4 Rc8 19. g3 a5 20. b3 b5 21. Kb2 a4 22. Rc1 a3+ 23. Kb1 b4 24. Ne1 f6 25. f4 Kf7 26. Nd3 h5 27. Re1 Bd6 28. Kc1 Ne7 29. Kd2 Nf5 30. Bf2 Be7 31. Re4 Rd8 32. h3 Rd5 33. Kc1 Rb5 34. g4 Nh6 35. gxh5 Rxh5 36. Nxb4 Rxh3 37. Nd3 Rh1+ 38. Re1 Rh2 39. Bc5 Nf5 40. Bxe7 Kxe7 41. Nc5 Nd4 42. Re4 Rxc2+ 43. Kd1 Rxc5 44. Rxd4 Rd5 45. Rxd5 exd5 46. Kd2 g5 47. fxg5 fxg5 48. Ke3 Kd6 49. Kd4 g4 50. Ke3 Ke5 51. Kf2 d4 52. Kg3 d3 53. Kf2 g3+ 54. Kxg3 d2 0-1


[Site "https://www.chess.com"]

[Event "Titled Tuesday Blitz December 27 Early 2022"]
[White "Bluebaum, Matthias"]
[Black "Babazada, Khazar"]
[WhiteFideId "24651516"]
[BlackFideId "13413554"]
[WhiteElo "2669"]
[BlackElo "2474"]
[Result "1/2-1/2"]
[Round "10"]
[TimeControl "180+2"]
[Date "2022.12.27"]
[WhiteClock "0:00:10"]
[BlackClock "0:00:17"]

1. d4 Nf6 2. c4 e6 3. Nc3 d5 4. cxd5 exd5 5. Bg5 Bb4 6. e3 h6 7. Bf4 c5 8. Bb5+ Nbd7 9. dxc5 O-O 10. Ne2 Nxc5 11. a3 Bxc3+ 12. Nxc3 Qb6 13. Be5 a6 14. Be2 Qxb2 15. Bd4 Qb3 16. Qc1 Qb6 17. O-O Qa5 18. Nxd5 Nxd5 19. Qxc5 Qxc5 20. Bxc5 Rd8 21. Bf3 Be6 22. a4 Rac8 23. Bd4 b5 24. axb5 axb5 25. Rab1 Nc7 26. Bb6 Bc4 27. Rfc1 Rd7 28. Bg4 Ne6 29. Rxb5 Rb7 30. Rb4 Rcb8 31. Rbxc4 Rxb6 32. h4 g6 33. g3 h5 34. Bh3 Kg7 35. R1c2 Rd6 36. Bg2 Rbd8 37. Bf3 Nf8 38. Rc7 Nd7 39. Ra7 Ne5 40. Be2 Rd2 41. Rxd2 Rxd2 42. Kf1 Rb2 43. Ra5 Rb1+ 44. Kg2 Rb2 45. Rxe5 Rxe2 46. Kf3 Ra2 47. Rb5 Ra4 48. e4 Ra2 49. Ke3 Ra3+ 50. Kf4 Ra2 51. f3 Ra3 52. Rb4 Rc3 53. Rd4 Ra3 54. Rd2 Rb3 55. Re2 Ra3 56. Re3 Ra4 57. Rd3 Rb4 58. Ke3 Ra4 59. e5 Ra1 60. f4 Rg1 61. Ke4 Ra1 62. Rd7 Ra4+ 63. Ke3 Kf8 64. Rd3 Ra1 65. Ke4 Ra4+ 66. Rd4 Ra3 67. Rd3 Ra4+ 68. Kf3 Ra1 69. Rb3 Ke7 70. Rb7+ Ke6 71. Rb6+ Ke7 72. Rb3 Ke6 73. Rb6+ Ke7 74. Rb7+ Ke6 75. Rb6+ 1/2-1/2


[Site "https://www.chess.com"]